 Dungeon Crawl Stone Soup version 0.28.0-53-g5a82cb258f (webtiles) character file.

Game seed: 7144621730571828232

42 safid the Digger (level 3, -1/20 HPs)
             Began as a Gargoyle Earth Elementalist on Aug 30, 2022.
             Slain by Terence
             ... wielding a +2 hand axe of freezing
              (4 damage)
             ... on level 2 of the Dungeon.
             The game lasted 00:04:04 (2477 turns).

safid the Digger (Gargoyle Earth Elementalist)      Turns: 2477, Time: 00:04:04

Health: -1/20      AC:  6    Str: 11    XL:     3   Next: 56%
Magic:  0/6        EV: 12    Int: 17    God:
Gold:   155        SH:  0    Dex: 10    Spells: 5/6 levels left

rFire   . . .      SeeInvis .   h - +0 short sword
rCold   . . .      Faith    .   (no shield)
rNeg    + . .      Spirit   .   b - +0 robe
rPois   ∞          Reflect  .   (no helmet)
rElec   +          Harm     .   (no cloak)
rCorr   .          Rampage  .   (no gloves)
Will    .....                   g - +0 pair of boots
Stlth   ++........              (no amulet)
HPRegen 0.06/turn               n - ring of flight
MPRegen 0.10/turn               (no ring)

@: flying
A: sickness immunity, AC +3, negative energy resistance 1, electricity
resistance, torment resistance 1, petrification resistance
a: no special abilities


You were on level 2 of the Dungeon.
You visited 1 branch of the dungeon, and saw 2 of its levels.

You collected 155 gold pieces.

Inventory:

Hand Weapons
 h - a +0 short sword (weapon)
Missiles
 c - 24 stones
Armour
 b - a +0 robe (worn)
 g - a +0 pair of boots (worn)
Jewellery
 n - a ring of flight (left hand)
Scrolls
 a - a scroll of vulnerability {unknown}
 d - a scroll of acquirement {unknown}
 e - a scroll of noise {unknown}
 l - a scroll of fear {unknown}
 m - a scroll of enchant weapon {unknown}
Potions
 f - 2 potions of berserk rage {unknown}
 i - 3 potions of curing {unknown}
 j - 2 potions of flight {unknown}
 k - a potion of cancellation {unknown}


   Skills:
 + Level 1.4 Fighting
 - Level 2.0 Dodging
 - Level 2.1 Stealth
 + Level 2.4 Spellcasting
 - Level 1.0 Transmutations
 + Level 4.1 Earth Magic


You had 5 spell levels left.
You knew the following spells:

 Your Spells              Type           Power      Damage    Failure   Level
a - Sandblast             Erth           32%        2d9       3%          1

Your spell library contained the following spells:

 Spells                   Type           Power      Damage    Failure   Level
 Passwall                 Tmut/Erth      8%         N/A       10%         2
 Stone Arrow              Conj/Erth      18%        3d8       24%         3
 Gell's Gravitas          Tloc           2%         N/A       50%         3
 Lesser Beckoning         Tloc           2%         N/A       50%         3
 Teleport Other           Tloc           2%         N/A       50%         3
 Petrify                  Tmut/Erth      10%        N/A       54%         4


Dungeon Overview and Level Annotations

Branches:
Dungeon (2/15)

Altars:

Annotations:
D:2 Terence


Innate Abilities, Weirdness & Mutations

You are immune to sickness and miasma.
Your stone body is resilient. (AC +3)
You are immune to poison.
You resist negative energy. (rN+)
You are resistant to electric shocks. (rElec)
You are resistant to unholy torment.
You are immune to petrification.


Message History

Unknown command.
Unknown command.
Casting: Sandblast (safe; 3% risk of failure)
Confirm with . or Enter, or press ? or * to list all spells.
Aiming: Sandblast (safe; 3% risk of failure)
Press: ? - help, Shift-Dir - straight line, f/p - Terence
Aim: Terence, wielding a +2 hand axe of freezing and wearing a +0 scale mail (heavily wounded, 82% to hit)
The blast of sand hits Terence.
Terence is heavily wounded.
Terence hits you with a +2 hand axe of freezing.
Terence freezes you.
Casting: Sandblast (safe; 3% risk of failure)
Confirm with . or Enter, or press ? or * to list all spells.
Aiming: Sandblast (safe; 3% risk of failure)
Press: ? - help, Shift-Dir - straight line, f/p - Terence
Aim: Terence, wielding a +2 hand axe of freezing and wearing a +0 scale mail (heavily wounded, 82% to hit)
The blast of sand hits Terence.
Terence is severely wounded.
Terence hits you with a +2 hand axe of freezing.
Terence freezes you.
Casting: Sandblast (safe; 3% risk of failure)
Confirm with . or Enter, or press ? or * to list all spells.
Aiming: Sandblast (safe; 3% risk of failure)
Press: ? - help, Shift-Dir - straight line, f/p - Terence
Aim: Terence, wielding a +2 hand axe of freezing and wearing a +0 scale mail (severely wounded, 82% to hit)
The blast of sand hits Terence but does no damage.
Terence is severely wounded.
Terence hits you with a +2 hand axe of freezing.
* * * LOW HITPOINT WARNING * * *
Terence freezes you.
* * * LOW HITPOINT WARNING * * *
Casting: Sandblast (safe; 3% risk of failure)
Confirm with . or Enter, or press ? or * to list all spells.
Aiming: Sandblast (safe; 3% risk of failure)
Press: ? - help, Shift-Dir - straight line, f/p - Terence
Aim: Terence, wielding a +2 hand axe of freezing and wearing a +0 scale mail (severely wounded, 82% to hit)
The blast of sand hits Terence but does no damage.
Terence is severely wounded.
Terence hits you with a +2 hand axe of freezing.
You die...

#.####### #.# #########
#.####........ ###
#.......###### ..#
######..##...# #.#
##.#..... #.# #.#.....
#@# #.#..... #@#
#.##)..#
.#####.#########.###.##
#.......................
#######.############.#.#
#.# #.#.. ..# #.#.# ####
#...# #...# #....


You could see Terence.

Vanquished Creatures
  A worm (D:2)
  A dart slug (D:1)
  3 endoplasms
  A giant cockroach (D:2)
  2 goblins
  7 hobgoblins
  2 quokkas
  6 ball pythons (D:1)
  3 bats (D:2)
  A frilled lizard (D:2)
  3 kobolds
  3 rats
33 creatures vanquished.

Notes
Turn   | Place    | Note
-------+----------+-------------------------------------------
     0 | D:1      | safid the Gargoyle Earth Elementalist began the quest for
                  | the Orb.
     0 | D:1      | Reached XP level 1. HP: 10/10 MP: 3/3
   442 | D:1      | Reached skill level 1 in Transmutations
   442 | D:1      | Reached XP level 2. HP: 10/16 MP: 5/5
   628 | D:1      | You fall into a shaft and drop 1 floor!
   944 | D:1      | Reached skill level 1 in Fighting
  1326 | D:1      | Reached XP level 3. HP: 17/20 MP: 6/6
  1412 | D:1      | Reached skill level 4 in Earth Magic
  2469 | D:2      | Noticed Terence
  2477 | D:2      | Slain by Terence

Illustrated notes

Levels and vault maps discovered:
D:1:      matt_arrival_diagonals, layout_basic, minmay_misc_feat_encased
D:2:      layout_loops_ring, minmay_misc_feat_enclosed, uniq_terence

Skill      XL: |  1  2  3 |
---------------+----------+-----
Transmutations | 1 |  1.0
Fighting       | 1 |  1.4
Earth Magic    | 4 |  4.1
Dodging        | 2 |  2.0
Stealth        | |  2.1
Spellcasting   | |  2.4

Action                   || total
-------------------------++-------
Melee: Hand axe          ||    19
       Short sword       ||    83
       Punch             ||     1
 Cast: Sandblast         ||    20
 Stab: Sleeping          ||     6
Armor: Robe              ||    30
Dodge: Dodged            ||    65
